Map: [ESL] Gresvan

Players

AqueroN

  • Race: Terran Terran
  • Spawn Location: 5:00

ShaDoWn - Winner!

  • Race: Protoss Protoss
  • Spawn Location: 11:00

Event: ESL SC2 Masters 2023 Summer (Regionals)

VOD

Have the link to the VOD?

Description

Time

  • Played on: May 3, 2023, 9:56 a.m.
  • Length: 11:01

All games in this series

Show
View Real Time Build Order
Export as new Build Order

AqueroN Terran 

Build Orders: Reaper Expand 

Get SALT Encoding   

  12  0:00  SCV  
  13  0:12  SCV  
  14  0:16  Supply Depot  
  14  0:24  SCV  
  15  0:38  SCV  
  15  0:39  Barracks  
  16  0:43  Refinery  
  16  0:50  SCV  
  17  1:02  SCV  
  18  1:14  SCV  
  19  1:26  Orbital Command, Reaper  
  20  1:39  Command Center  
  20  1:48  Supply Depot  
  20  1:52  SCV  
  21  1:58  Marine  
  22  2:04  SCV  
  23  2:12  Factory  
  23  2:16  SCV  
  23  2:20  Barracks Reactor  
  24  2:23  Refinery  
  24  2:28  SCV  
  25  2:30  Bunker  
  25  2:40  SCV  
  26  2:52  SCV  
  26  2:54  Orbital Command  
  26  2:56  Marine x2  
  26  2:58  Starport  
  29  3:01  Widow Mine  
  29  3:04  SCV  
  32  3:08  Supply Depot  
  32  3:14  Marine  
  32  3:15  Marine  
  32  3:17  SCV  
  32  3:19  SCV  
  36  3:25  Factory Tech Lab  
  35  3:29  SCV  
  35  3:31  SCV  
  35  3:32  Marine x2  
  39  3:38  Supply Depot  
  39  3:41  SCV  
  39  3:43  SCV  
  39  3:47  Raven  
  43  3:49  Factory Tech Lab  
  43  3:50  Marine x2  
  43  3:53  SCV  
  46  3:56  SCV  
  46  3:57  Supply Depot  
  47  4:04  Barracks  
  47  4:08  SCV x2  
  52  4:10  Siege Tank  
  52  4:13  Marine x2  
  54  4:20  SCV x2  
  54  4:21  Refinery  
  56  4:28  Barracks  
  56  4:31  Marine  
  56  4:34  Engineering Bay  
  56  4:37  Viking  
  59  4:39  Marine  
  59  4:42  SCV  
  59  4:43  SCV  
  62  4:46  Siege Tank  
  62  4:52  Supply Depot  
  65  4:53  Supply Depot  
  65  4:55  Marine  
  65  4:57  SCV  
  65  4:58  SCV  
  68  5:01  Terran Infantry Weapons Level 1  
  68  5:02  Marine  
  68  5:03  Marine  
  70  5:08  Starport Reactor  
  70  5:09  Refinery  
  70  5:13  SCV  
  71  5:15  Stimpack, Supply Depot  
  71  5:23  SCV  
  71  5:25  SCV  
  71  5:26  Marauder x2, Factory Reactor, Marine  
  71  5:27  Marine  
  79  5:35  Combat Shield  
  79  5:39  Command Center  
  79  5:44  Marine  
  79  5:45  Marine  
  79  5:47  Marauder  
  79  5:49  SCV x2  
  83  5:54  Marauder  
  83  5:56  Medivac  
  87  5:58  Supply Depot  
  87  6:00  Supply Depot  
  89  6:04  Marine  
  89  6:05  Marine  
  89  6:09  SCV x2  
  91  6:12  Marauder  
  91  6:13  Viking  
  93  6:23  Barracks, Marauder  
  93  6:24  Barracks  
  95  6:26  Widow Mine  
  95  6:27  Widow Mine  
  95  6:32  Medivac  
  101  6:35  Marine x2  
  101  6:36  Marauder  
  101  6:39  Supply Depot  
  105  6:43  SCV x2  
  105  6:46  Medivac  
  109  6:51  Marauder  
  111  6:54  Orbital Command  
  111  6:58  Marauder  
  113  7:06  Marine x2  
  113  7:07  Terran Infantry Armor Level 1  
  113  7:08  SCV x2  
  116  7:11  Widow Mine  
  116  7:13  Marauder  
  121  7:18  Widow Mine  
  121  7:19  Orbital Command, Marauder  
  125  7:23  Concussive Shells  
  125  7:24  Barracks Reactor  
  125  7:25  Barracks Tech Lab  
  125  7:27  SCV x2  
  124  7:34  Marine x2  
  124  7:35  Marauder  
  126  7:40  Marauder  
  128  7:46  Medivac x2  
  128  7:50  Ghost Academy  
  132  7:52  Supply Depot  
  132  7:55  SCV  
  133  8:01  SCV x2, Supply Depot  
  135  8:10  Marine  
  135  8:11  Marine x3  
  139  8:18  Viking  
  139  8:19  Viking  
  141  8:20  Ghost x2  
  141  8:23  Ghost  
  144  8:29  SCV x3  
  144  8:33  Marine x2  
  144  8:44  Marine x2, Supply Depot  
  144  8:45  Supply Depot  
  144  8:47  Widow Mine x2  
  150  8:50  Ghost  
  150  8:52  Ghost  
  154  8:55  Supply Depot  
  154  9:05  Bunker, SCV x3  
  154  9:06  Marine x2, Supply Depot  
  154  9:07  Marine x2  
  161  9:17  Supply Depot  
  161  9:20  Ghost x2  
  165  9:25  Marine x5  
  170  9:34  SCV x3, Refinery  
  173  9:39  Starport  
  173  9:43  Marine  
  170  9:47  Marine x4  
  170  9:49  Marauder x2  
  172  9:58  SCV x3  
  173  10:05  Ghost  
  175  10:10  Ghost  
  175  10:12  Ghost  
  175  10:13  Marine  
  175  10:14  Marine x2  
  182  10:23  Medivac x2  
Show
View Real Time Build Order
Export as new Build Order

ShaDoWn Protoss - Winner!

Build Orders: 1 Gate Expand, Blink Stalkers 

Get SALT Encoding   

  12  0:00  Probe  
  13  0:12  Probe  
  14  0:17  Pylon  
  14  0:24  Probe  
  15  0:35  Gateway  
  15  0:36  Probe (Chrono Boost)  
  16  0:46  Probe (Chrono Boost), Assimilator  
  17  0:51  Probe (Chrono Boost)  
  18  1:03  Probe  
  19  1:15  Probe  
  20  1:22  Cybernetics Core  
  20  1:31  Nexus  
  20  1:38  Pylon  
  20  1:41  Probe  
  20  1:46  Assimilator  
  21  1:54  Probe  
  22  1:55  Adept (Chrono Boost)  
  22  2:00  Warp Gate  
  24  2:06  Probe (Chrono Boost)  
  26  2:16  Probe (Chrono Boost)  
  26  2:21  Probe (Chrono Boost), Twilight Council  
  26  2:29  Stalker  
  29  2:32  Probe  
  30  2:43  Probe  
  31  2:47  Probe (Chrono Boost)  
  30  2:55  Probe (Chrono Boost), Gateway  
  31  2:59  Blink  
  33  3:06  Probe (Chrono Boost)  
  33  3:07  Probe (Chrono Boost)  
  33  3:15  Probe (Chrono Boost)  
  33  3:16  Probe (Chrono Boost)  
  35  3:22  Probe (Chrono Boost)  
  35  3:24  Probe (Chrono Boost)  
  37  3:27  Probe (Chrono Boost)  
  37  3:31  Robotics Facility  
  39  3:34  Probe, Gateway  
  39  3:39  Probe (Chrono Boost)  
  40  3:42  Pylon  
  40  3:46  Probe (Chrono Boost)  
  41  3:49  Stalker  
  41  3:53  Assimilator  
  44  3:57  Probe x2 (Chrono Boost)  
  44  4:02  Probe (Chrono Boost)  
  45  4:04  Probe (Chrono Boost), Stalker  
  45  4:08  Pylon  
  49  4:13  Probe  
  49  4:14  Stalker  
  49  4:15  Probe  
  51  4:17  Assimilator  
  51  4:18  Observer (Chrono Boost)  
  52  4:25  Probe  
  52  4:27  Pylon  
  53  4:32  Probe, Templar Archives  
  53  4:34  Stalker  
  56  4:46  Nexus  
  56  4:50  Warp Prism (Chrono Boost)  
  56  4:58  Psionic Storm, Stalker  
  60  5:00  Probe  
  60  5:02  Probe  
  62  5:14  Probe  
  62  5:16  High Templar  
  64  5:24  Probe  
  64  5:25  Pylon  
  65  5:28  High Templar  
  65  5:29  Probe  
  65  5:31  Pylon  
  65  5:33  Forge  
  65  5:35  Gateway  
  68  5:37  Probe  
  69  5:43  Probe  
  69  5:44  High Templar  
  69  5:49  Probe  
  73  5:53  High Templar  
  73  5:54  Pylon  
  73  5:55  Probe  
  76  5:58  Probe  
  76  6:01  Gateway  
  77  6:05  Observer (Chrono Boost)  
  77  6:09  Probe  
  79  6:12  Probe x2  
  79  6:13  Charge  
  79  6:16  Gateway  
  79  6:17  Zealot  
  79  6:18  Gateway, Shield Battery  
  82  6:21  Probe  
  82  6:24  Shield Battery  
  81  6:26  Stalker  
  81  6:27  Probe  
  81  6:28  Probe  
  81  6:30  Protoss Ground Weapons Level 1 (Chrono Boost)  
  85  6:33  Probe  
  85  6:39  Probe  
  87  6:41  Gateway  
  87  6:44  High Templar  
  87  6:45  Probe, Pylon  
  90  6:48  Probe  
  90  6:50  Zealot x3  
  97  7:00  Observer  
  98  7:02  Zealot  
  98  7:04  Probe  
  98  7:05  Pylon  
  98  7:06  Assimilator  
  101  7:08  Pylon  
  101  7:19  Zealot x5  
  111  7:32  Zealot x2  
  111  7:33  Observer  
  111  7:34  Immortal (Chrono Boost)  
  111  7:36  Assimilator  
  117  7:41  Zealot x3  
  117  7:47  Nexus, Pylon  
  117  7:56  Probe  
  118  8:00  Probe  
  118  8:03  High Templar x4  
  118  8:04  Zealot x3  
  133  8:06  Observer  
  133  8:09  Archon  
  133  8:10  Archon  
  134  8:15  Zealot  
  134  8:22  Observer  
  134  8:24  Protoss Ground Weapons Level 2 (Chrono Boost)  
  130  8:30  Zealot x3  
  130  8:32  Probe  
  130  8:33  Shield Battery  
  137  8:34  Pylon x2  
  137  8:35  Robotics Bay, Photon Cannon  
  137  8:37  Photon Cannon  
  137  8:40  Photon Cannon  
  137  8:41  Probe  
  137  8:48  Robotics Facility  
  138  8:52  Probe, Forge  
  139  9:00  Zealot x6  
  147  9:08  Probe x2  
  147  9:09  Probe  
  150  9:10  Probe  
  150  9:11  Immortal (Chrono Boost)  
  150  9:16  Zealot x2  
  157  9:20  Probe  
  157  9:22  Photon Cannon  
  153  9:26  Probe  
  154  9:37  Probe  
  153  9:41  Disruptor (Chrono Boost)  
  152  9:54  Probe x2, High Templar  
  152  9:55  Colossus (Chrono Boost)  
  152  9:56  Assimilator  
  152  9:57  Assimilator  
  146  10:04  Stalker x3  
  146  10:06  Disruptor (Chrono Boost)  
  151  10:26  Probe  
  152  10:31  Zealot x6  
  164  10:38  Zealot  
  164  10:39  Pylon, Zealot  
  143  10:43  Probe  
  143  10:48  Probe x2  
  132  10:51  Archon  
Tags
 
Add a new tag
Caveats
  • Supply blocks, unpowered buildings, or Contaminate may cause inaccurate times.
  • Supply counts are checked every 10 seconds.